 Dungeon Crawl Stone Soup version 0.27.1 (webtiles) character file.

Game seed: 2509764765971932362

4 BigQ123 the Firebug (level 1, -3/16 HPs)
             Began as an Ogre Fire Elementalist on Aug 31, 2021.
             Slain by a hobgoblin (4 damage)
             ... on level 2 of the Dungeon.
             The game lasted 00:06:51 (405 turns).

BigQ123 the Firebug (Ogre Fire Elementalist)         Turns: 405, Time: 00:07:01

Health: -3/16      AC:  3    Str: 11    XL:     1   Next: 60%
Magic:  3/3        EV:  9    Int: 16    God:
Gold:   18         SH:  0    Dex:  9    Spells: 3/4 levels left

rFire    . . .     SeeInvis .   d - +0 rapier
rCold    . . .     Faith    .   (no shield)
rNeg     . . .     Spirit   .   a - +0 robe
rPois    .         Reflect  .   (helmet restricted)
rElec    .         Harm     .   (no cloak)
rCorr    .         Rampage  .   (gloves unavailable)
Will     .....                  (boots unavailable)
Stlth    +.........             (no amulet)
HPRegen  0.05/turn              (no ring)
MPRegen  0.08/turn              (no ring)

@: lethally poisoned (-3 -> -8)
A: large, unfitting armour, tough skin 1
a: no special abilities


You were on level 2 of the Dungeon.
You visited 1 branch of the dungeon, and saw 2 of its levels.

You collected 18 gold pieces.

Inventory:

Hand Weapons
 d - a +0 rapier (weapon)
 f - a +0 dagger
 h - a +0 club
 i - a +0 dagger
 j - a +0 spear
Missiles
 e - 67 stones
Armour
 a - a +0 robe (worn)
 b - a +0 scale mail
 c - a +0 pair of gloves
 g - a +0 ring mail


   Skills:
 + Level 0.3 Short Blades
 + Level 1.9 Dodging
 + Level 1.4 Stealth
 + Level 2.4 Spellcasting
 + Level 0.8 Conjurations
 + Level 2.8 Fire Magic


You had 3 spell levels left.
You knew the following spells:

 Your Spells              Type           Power      Damage    Failure   Level
a - Foxfire               Conj/Fire      28%        2x1d5     10%         1

Your spell library contained the following spells:

 Spells                   Type           Power      Damage    Failure   Level
 Conjure Flame            Conj/Fire      7%         6-21      28%         3
 Inner Flame              Hex/Fire       6%         N/A       32%         3
 Sticky Flame             Conj/Fire      7%         2d3       67%         4
 Fireball                 Conj/Fire      3%         3d4       95%         5


Dungeon Overview and Level Annotations

Branches:
Dungeon (2/15)

Altars:


Innate Abilities, Weirdness & Mutations

You are too large for most types of armour.
You have tough skin. (AC +1)


Message History

Found a spear.
Found a stone staircase leading down.
There is a stone staircase leading up here.
You see here a +0 spear.
j - a +0 spear
Found a stone staircase leading up.
Found 18 stones.
Found a stone staircase leading down.
A goblin and a hobgoblin come into view.
Found a scroll labelled LAUTSUE YCYZAST.
The hobgoblin shouts!
The goblin shouts!
You hear an angry hiss.
An adder comes into view.
Found 9 gold pieces.
Found 2 gold pieces.
You see here 18 stones.
e - 67 stones (gained 18)
The adder closely misses you. The adder closely misses you.
The adder barely misses you.
You miss the adder. The adder bites you.
You are poisoned.
The adder poisons you!
You hit the adder.
The adder is heavily wounded.
You feel sick. The adder barely misses you. The adder bites you.
You are more poisoned.
The adder poisons you!
The hobgoblin hits you but does no damage.
You miss the adder.
The adder is heavily wounded.
You feel sick. The goblin hits you with a +0 dagger.
The adder barely misses you.
The hobgoblin hits you but does no damage.
The goblin hits you with a +0 dagger.
You miss the adder.
The adder is heavily wounded.
* * * LOW HITPOINT WARNING * * *
You feel very sick. The adder bites you.
* * * LOW HITPOINT WARNING * * *
The hobgoblin hits you.
You die...

#.# ###>##.#.#
#######.#######.##.#
# .................#
# .>....≈≈≈≈.≈≈≈≈≈.#
####..≈≈≈≈.≈≈≈≈≈.#
#..≈≈≈≈.≈≈≈≈≈..
....≈≈≈≈.≈≈≈≈≈.$
.#.#.≈≈≈gSg......
.#..#.....@.≈≈≈≈..
?# #.≈≈≈≈≈.≈≈≈≈..
..$≈≈≈≈≈.≈≈≈≈..
...≈≈≈≈≈.≈≈≈≈.#
.#.≈≈≈≈≈.≈≈≈≈.#
#............#
##...######.## #...
.#


You could see an adder, a hobgoblin and a goblin.

Vanquished Creatures
  A ball python (D:1)
  2 goblins (D:1)
  A kobold (D:1)
4 creatures vanquished.

Vanquished Creatures (others)
  2 foxfires (D:1)
2 creatures vanquished.

Grand Total: 6 creatures vanquished

Notes
Turn   | Place    | Note
-------+----------+-------------------------------------------
     0 | D:1      | BigQ123 the Ogre Fire Elementalist began the quest for the
                  | Orb.
     0 | D:1      | Reached XP level 1. HP: 16/16 MP: 3/3
   405 | D:2      | Slain by a hobgoblin

Illustrated notes

Levels and vault maps discovered:
D:1:      eino_arrival_water_star, layout_rooms, minmay_misc_feat_rows
D:2:      layout_loops_ring, hellmonk_ecumenical_altar_run_dry, eino_curves_02,
          columned_hall_lemuel, kennysheep_donut, minivault_14,
          minmay_small_reverse_x, uniq_sigmund

Action                   || total
-------------------------++-------
Melee: Rapier            ||    16
 Cast: Foxfire           ||     1
  Use: Scroll            ||     1
Armor: Robe              ||     9
Dodge: Dodged            ||    13
